 Dungeon Crawl Stone Soup version 0.28-a0-206-gc2c9e32840 (webtiles) character file.

Game seed: 6856625212447555878

25 willcat the Sneak (level 3, -2/23 HPs)
             Began as a Kobold Delver on Aug 20, 2021.
             Slain by an ice beast (11 damage)
             ... on level 5 of the Dungeon.
             The game lasted 00:00:25 (89 turns).

willcat the Sneak (Kobold Delver)                     Turns: 89, Time: 00:00:26

Health: -2/23      AC:  3    Str:  9    XL:     3   Next: 17%
Magic:  3/3        EV: 15    Int: 11    God:
Gold:   0          SH:  0    Dex: 17    Spells: 2/2 levels left

rFire   . . .      SeeInvis .   a - +0 short sword
rCold   . . .      Faith    .   (shield restricted)
rNeg    . . .      Spirit   .   b - +0 leather armour
rPois   .          Reflect  .   (no helmet)
rElec   .          Harm     .   (no cloak)
rCorr   .          Rampage  .   (no gloves)
Will    .....                   (no boots)
Stlth   ++++......              (no amulet)
HPRegen 0.07/turn               (no ring)
MPRegen 0.08/turn               (no ring)

@: hasted, very quick
A: small, no large weapons, nightstalker 3
a: no special abilities


You were on level 5 of the Dungeon.
You visited 1 branch of the dungeon, and saw 1 of its levels.

Inventory:

Hand Weapons
 a - a +0 short sword (weapon)
Armour
 b - a +0 leather armour (worn)
Wands
 g - a wand of digging (3)
Scrolls
 c - a scroll of fog
 d - a scroll of magic mapping


   Skills:
 - Level 3.2 Fighting
 + Level 3.4 Short Blades
 + Level 3.1 Dodging
 + Level 7.0 Stealth


You had 2 spell levels left.
You didn't know any spells.
Your spell library was empty.

Dungeon Overview and Level Annotations

Branches:
Dungeon (5/15)
 Temple: D:4-7

Altars:


Innate Abilities, Weirdness & Mutations

You are small and have problems with some larger weapons.
You are completely attuned to the shadows.


Message History

Found a stone staircase leading down.
Unknown command.
Unknown command.
An iguana comes into view.
An iguana is nearby!
Found a stone staircase leading up.
The helpless iguana fails to defend itself.
You impale the iguana!!
You kill the iguana!
Your Short Blades skill increases to level 3!
Your Dodging skill increases to level 3!
Your Stealth skill increases to level 7!
You have reached level 2!
You have reached level 3!
Your experience leads to an increase in your attributes!
Increase (S)trength, (I)ntelligence, or (D)exterity?
You feel agile. As you open the door, it creaks loudly!
There is an open door here.
An ice beast comes into view.
An ice beast is nearby!
The ice beast barely misses you.
You hit the ice beast but do no damage.
Unknown command.
There is an open door here.
There is a stone staircase leading down here.
The ice beast hits you. The ice beast freezes you!
Ouch! That really hurt!
The ice beast misses you.
There is an open door here.
Found a leather armour.
You see here a +0 leather armour.
As you read the scroll of fear, it crumbles to dust.
You assume a fearsome visage.
The ice beast resists with some effort.
The ice beast misses you. The ice beast misses you.
You feel yourself speed up.
The ice beast hits you but does no damage.
The ice beast hits you. The ice beast freezes you!
You die...

#....#..#.[..##
#....#..#......
#....# #...... .#
#....# #....####.#
#....# ##...##..##
#....### #...##...#
#........#........#
#.>......#...##Y.##
..........#...##@.#
..........######...#
......... ....#
........ ##...#
#..##


You could see an ice beast.

Vanquished Creatures
  An iguana (D:5)
1 creature vanquished.

Notes
Turn   | Place    | Note
-------+----------+-------------------------------------------
     0 | D:5      | willcat the Kobold Delver began the quest for the Orb.
     0 | D:5      | Reached XP level 1. HP: 14/14 MP: 1/1
     8 | D:5      | Noticed an iguana
    12 | D:5      | Killed an iguana
    13 | D:5      | Reached skill level 7 in Stealth
    13 | D:5      | Reached XP level 2. HP: 19/19 MP: 2/2
    13 | D:5      | Reached XP level 3. HP: 23/23 MP: 3/3
    24 | D:5      | Noticed an ice beast
    89 | D:5      | Slain by an ice beast

Illustrated notes

Levels and vault maps discovered:
D:5:      layout_gridville, nicolae_wu_jian_immortal_techniques,
          minmay_temple_entry_antechambers

Skill      XL: |  1 |
---------------+----+-----
Short Blades   | 3 |  3.4
Dodging        | 3 |  3.1
Stealth        | 7 |  7.0
Fighting       | |  3.2

Action                   || total
-------------------------++-------
Melee: Short sword       ||     2
  Use: Scroll            ||     1
       Potion            ||     1
 Stab: Sleeping          ||     1
Armor: Leather armour    ||     1
Dodge: Dodged            ||     4

Table legend: (Time is in decaauts)
 A = Elapsed time spent in this place.
 B = Non-inter-level travel time spent in this place.
 C = Inter-level travel time spent in this place.
 D = Time resting spent in this place.
 E = Time spent auto-exploring this place.
 F = Levels seen in this place.
 G = Mean time per level.
                   A        B        C        D        E       F      G
               +--------+--------+--------+--------+--------+-----+--------+
         Total |     88 |     88 |      0 |      0 |     16 |   1 |   88.0 |
       Dungeon |     88 |     88 |      0 |      0 |     16 |   1 |   88.0 |
               +--------+--------+--------+--------+--------+-----+--------+

Top non-repeatable levels by time:
     D:5: 88 daAuts
